 Dungeon Sprint DCSS version 0.27-a0-1513-g2aaa0cc67b (webtiles) character file.

Game seed: 13510681696369529389

84838 mhtbhm the Hoplite (level 15, 0/155 HPs)
             Began as a Minotaur Fighter on July 9, 2021.
             Was the Champion of Qazlal.
             Killed from afar by a Hell Sentinel (47 damage)
             ... with damnation
             ... summoned by Dispater
             ... in the Dungeon (Sprint VII: "The Pits").
             The game lasted 00:14:00 (6568 turns).

mhtbhm the Hoplite (Minotaur Fighter)               Turns: 6568, Time: 00:14:01

Health: 0/155      AC: 37    Str: 26    XL:     15   Next: 36%
Magic:  10/28      EV: 13    Int:  5    God:    Qazlal [******]
Gold:   67         SH: 35    Dex: 11    Spells: 14/14 levels left

rFire    . . .     SeeInvis +   a - +5 broad axe
rCold    . . .     Faith    .   c - +1 tower shield
rNeg     + . .     Spirit   .   b - +3 shadow dragon scales
rPois    .         Reflect  .   (helmet restricted)
rElec    .         Harm     .   s - +1 cloak
rCorr    .         Rampage  +   A - +2 pair of gloves {archery}
Will     +....     NoTele   +   q - +2 pair of boots {rampage}
Stlth    ++........             (no amulet)
HPRegen  0.35/turn              H - ring of the Traitor {rN+ SInv Stlth+}
MPRegen  0.21/turn              o - +3 ring of protection

@: mighty, protected from physical damage, on berserk cooldown, hasted and
slowed, repel missiles
A: horns 2, retaliatory headbutt
a: Renounce Religion, Upheaval, Elemental Force, Disaster Area


You were in the Dungeon.
You worshipped Qazlal.
Qazlal was exalted by your worship.
You visited 1 branch You collected 67 gold pieces.

Inventory:

Hand Weapons
 a - a +5 broad axe (weapon)
 B - a +3 morningstar of holy wrath
 J - the +9 great sword of the Warrior {holy, Fragile +Blink rF+++}
   (You took it off an orc warrior in the Dungeon)

   It has been blessed by the Shining One to cause great damage to the undead
   and demons.
   rF:        It renders you almost immune to fire.
   +Blink:    It lets you blink.
   Fragile:   It will be destroyed if unequipped.
Missiles
 t - 2 curare-tipped darts (quivered)
Armour
 b - +3 shadow dragon scales (worn)
 c - a +1 tower shield (worn)
 q - a +2 pair of boots of rampaging (worn)
 s - a +1 cloak (worn)
 A - a +2 pair of gloves of archery (worn)
Jewellery
 o - a +3 ring of protection (right hand)
 r - a ring of protection from fire
 v - a ring of poison resistance
 w - a ring of positive energy
 H - the ring of the Traitor (left hand) {rN+ SInv Stlth+}
   (You took it off a nagaraja in the Dungeon)

   [ring of see invisible]

   rN:        It protects you from negative energy.
   SInv:      It lets you see invisible.
   Stlth:     It makes you more stealthy.
Wands
 y - a wand of digging (4)
Scrolls
 j - a scroll of blinking
 l - 5 scrolls of amnesia
 m - a scroll of summoning
 u - a scroll of enchant weapon
 x - a scroll of silence
 z - 2 scrolls of identify
 C - 4 scrolls of fog
 D - 3 scrolls of fear
 F - 4 scrolls of enchant armour
Potions
 d - 2 potions of might
 e - 6 potions of heal wounds
 f - 5 potions of curing
 g - 2 potions of haste
 h - 4 potions of magic
 i - 3 potions of berserk rage
 p - a potion of mutation
 E - 2 potions of brilliance
Miscellaneous
 n - a piece from Xom's chessboard (15/15)
 G - a box of beasts
 I - a phial of floods


   Skills:
 + Level 19.7 Fighting
 + Level 21.6 Axes
 + Level 17.4 Armour
 + Level 10.7 Dodging
 + Level 7.9 Stealth
 + Level 25.4 Shields
 * Level 21.1 Invocations


You had 14 spell levels left.
You didn't know any spells.
Your spell library contained the following spells:

 Spells                   Type           Power      Damage    Failure   Level
 Blink                    Tloc           N/A        N/A       95%         2
 Lesser Beckoning         Tloc           0%         N/A       99%         3
 Petrify                  Tmut/Erth      0%         N/A       100%        4
 Manifold Assault         Tloc           0%         N/A       100%        5
 Metabolic Englaciation   Hex/Ice        0%         N/A       100%        5
 Statue Form              Tmut/Erth      0%         N/A       100%        6


Dungeon Overview and Level Annotations

Branches:
Dungeon (1/1)

Altars:
Ashenzari
Cheibriados
Dithmenos
Elyvilon
Fedhas
Gozag
Hepliaklqana
Kikubaaqudgha
Makhleb
Nemelex Xobeh
Okawaru
Qazlal
Ru
Sif Muna
Trog
Uskayaw
Vehumet
Wu Jian
Xom
Yredelemnul
Zin
The Shining One
Beogh
Jiyva
Lugonu

Annotations:
D Dispater


Innate Abilities, Weirdness & Mutations

You have a pair of horns on your head.
You reflexively headbutt those who attack you in melee.


Message History

You slash Dispater!
You headbutt Dispater, but do no damage.
Dispater is moderately wounded.
Your air elemental hits the Hell Sentinel!
You block Dispater's attack.
Your air elemental hits the Hell Sentinel but does no damage.
Unknown command.
You slice Dispater!!
Dispater is heavily wounded.
Your air elemental hits the Hell Sentinel!
Your air elemental hits the Hell Sentinel but does no damage.
Unknown command.
You slice Dispater!!
Dispater is heavily wounded.
Your air elemental hits the Hell Sentinel but does no damage.
Dispater gestures.
Unknown command.
Unknown command.
You slash Dispater!
Dispater is heavily wounded.
Your air elemental hits the Hell Sentinel but does no damage. x2
Dispater gestures at you. You block the iron shot.
Unknown command.
You slash Dispater!
You headbutt Dispater, but do no damage.
Dispater is heavily wounded.
Your air elemental hits the Hell Sentinel.
Your air elemental hits the Hell Sentinel!
Dispater hits you with the +4 staff of Dispater!!
Unknown command.
You hit Dispater but do no damage.
Dispater is heavily wounded.
Your air elemental hits the Hell Sentinel but does no damage.
The Hell Sentinel gestures at you.
The sphere of damnation explodes!
The damnation engulfs Dispater.
Dispater completely resists.
The damnation engulfs the Hell Sentinel.
The Hell Sentinel completely resists.
The damnation engulfs you!!!
You die...

#+#
#≈#
#≈#
#E#
#1#
#&#
#@#
##E##
#.E.#
+...#
##≈##
#.#
#.#
#'#
#.#


You could see Dispater (ally target), a Hell Sentinel (summoned, ally target)
and 3 friendly air elementals.

Vanquished Creatures
  2 pandemonium lords (D)
  An ancient lich (D)
  A royal mummy (D)
  A pearl dragon (D)
  An electric golem (D)
  A titan (D)
  A quicksilver dragon (D)
  Frances (D)
  2 nagarajas (D)
  A fire giant (D)
  2 orc warlords (D)
  2 ghouls (D)
  A war gargoyle (D)
  A black draconian (D)
  A deep elf demonologist (D)
  A red draconian (D)
  A purple draconian (D)
  A deep elf death mage (D)
  2 fire dragons (D)
  2 yaktaur captains (D)
  A naga warrior (D)
  2 hydras (D)
  3 vault guards (D)
  A death knight (D)
  2 alligator snapping turtles (D)
  An anaconda (D)
  5 death yaks (D)
  2 deep elf knights (D)
  2 flayed ghosts (D)
  2 bog bodies (D)
  10 orc knights (D)
  Pikel (D)
  A harpy (shapeshifter) (D)
  A phantasmal warrior (D)
  2 manticores (D)
  A cyclops (D)
  An elephant (D)
  A black mamba (D)
  A cane toad (D)
  A molten gargoyle (D)
  2 gargoyles (D)
  A demonic crawler (D)
  Psyche (D)
  5 kobold demonologists (D)
  3 yaktaurs (D)
  2 ice devils (D)
  A merfolk (shapeshifter) (D)
  3 guardian mummies (D)
  2 red devils (D)
  A troll (D)
  A merfolk (D)
  2 polar bears (D)
  3 wandering mushrooms (D)
  2 hornets (D)
  A flying skull (D)
  A ynoxinul (D)
  4 redbacks (D)
  2 spriggans (D)
  A wyvern (D)
  2 water elementals (D)
  A steam dragon (D)
  Grum (D)
  A basilisk (D)
  6 yaks (D)
  A neqoxec (D)
  2 wargs (D)
  5 floating eyes (D)
  2 orc warriors (D)
  A sky beast (D)
  2 swamp drakes (D)
  An ice beast (D)
  3 necrophages (D)
  3 wolves (D)
  2 ogres (D)
  A lemure (D)
  A phantom (D)
  A gnoll sergeant (D)
  3 kobold brigands (D)
  A scorpion (D)
  An earth elemental (D)
  5 killer bees (D)
  3 wights (D)
  A quasit (D)
  A hound (D)
  A gnoll shaman (D)
  An orc wizard (D)
  A hell rat (D)
  A mummy (D)
  10 gnolls (D)
  2 river rats (D)
  3 adders (D)
  6 orcs (D)
  2 bat skeletons (D)
  A hobgoblin (D)
  2 quokkas (D)
  A ball python skeleton (D)
  A frilled lizard (D)
  A giant cockroach simulacrum (D)
  9 kobolds (D)
198 creatures vanquished.

Vanquished Creatures (collateral kills)
  A tyrant leech (D)
1 creature vanquished.

Vanquished Creatures (others)
  A naga warrior (D)
  A deep elf knight (D)
  An orc (D)
3 creatures vanquished.

Grand Total: 202 creatures vanquished

Notes
Turn   | Place    | Note
-------+----------+-------------------------------------------
     0 | D        | mhtbhm the Minotaur Fighter began the quest for the Orb.
     0 | D        | Reached XP level 1. HP: 19/19 MP: 0/0
    20 | D        | Reached skill level 4 in Shields
    20 | D        | Reached XP level 2. HP: 19/28 MP: 1/1
   226 | D        | Found a bloodstained altar of Trog.
   226 | D        | Found a shimmering blue altar of Sif Muna.
   226 | D        | Found a viscous altar of Jiyva.
   226 | D        | Found a hazy altar of Hepliaklqana.
   226 | D        | Found an opulent altar of Gozag.
   227 | D        | Found a glowing golden altar of the Shining One.
   227 | D        | Found a glowing silver altar of Zin.
   227 | D        | Found a basalt altar of Yredelemnul.
   227 | D        | Found a shimmering altar of Xom.
   227 | D        | Found an ornate altar of the Wu Jian Council.
   227 | D        | Found a sacrificial altar of Ru.
   227 | D        | Found a stormy altar of Qazlal.
   227 | D        | Found an iron altar of Okawaru.
   227 | D        | Found a sparkling altar of Nemelex Xobeh.
   227 | D        | Found a burning altar of Makhleb.
   227 | D        | Found a blossoming altar of Fedhas.
   227 | D        | Found a white marble altar of Elyvilon.
   227 | D        | Found a shadowy altar of Dithmenos.
   227 | D        | Found a snail-covered altar of Cheibriados.
   229 | D        | Found a radiant altar of Vehumet.
   229 | D        | Found a corrupted altar of Lugonu.
   230 | D        | Found a hide-covered altar of Uskayaw.
   230 | D        | Found an ancient bone altar of Kikubaaqudgha.
   230 | D        | Found a broken altar of Ashenzari.
   242 | D        | Became a worshipper of Qazlal Stormbringer
   280 | D        | Noticed a floating eye
   283 | D        | Killed a floating eye
   284 | D        | Reached skill level 6 in Shields
   284 | D        | Reached XP level 3. HP: 38/38 MP: 1/4
   284 | D        | Reached XP level 4. HP: 45/45 MP: 1/5
   321 | D        | Reached * piety under Qazlal
   431 | D        | Noticed a scorpion
   439 | D        | Reached XP level 5. HP: 52/52 MP: 6/6
   443 | D        | Reached ** piety under Qazlal
   444 | D        | Reached skill level 7 in Shields
   472 | D        | Reached *** piety under Qazlal
   473 | D        | Reached skill level 5 in Axes
   473 | D        | Reached skill level 1 in Dodging
   488 | D        | Reached skill level 8 in Shields
   491 | D        | Reached skill level 5 in Invocations
   491 | D        | Reached XP level 6. HP: 17/61 MP: 8/8
   740 | D        | Noticed a warg
   740 | D        | Noticed a floating eye
   746 | D        | Paralysed by a floating eye for 4 turns
   752 | D        | Noticed a floating eye
   753 | D        | Killed a warg
   753 | D        | Paralysed by a floating eye for 2 turns
   759 | D        | Paralysed by a floating eye for 4 turns
   762 | D        | Noticed Pikel
   766 | D        | Killed a floating eye
   766 | D        | Reached **** piety under Qazlal
   766 | D        | Paralysed by a floating eye for 4 turns
   767 | D        | Reached skill level 9 in Shields
   774 | D        | Paralysed by a floating eye for 4 turns
   780 | D        | Reached XP level 7. HP: 25/69 MP: 10/10
   803 | D        | Killed Pikel
   804 | D        | Reached skill level 10 in Shields
   804 | D        | Reached XP level 8. HP: 37/78 MP: 12/12
   997 | D        | Reached ***** piety under Qazlal
  1009 | D        | Paralysed by a floating eye for 3 turns
  1014 | D        | Reached skill level 10 in Axes
  1020 | D        | Paralysed by a floating eye for 2 turns
  1030 | D        | Reached skill level 10 in Armour
  1030 | D        | Reached skill level 5 in Dodging
  1030 | D        | Paralysed by a floating eye for 3 turns
  1039 | D        | Paralysed by a floating eye for 4 turns
  1050 | D        | Reached skill level 11 in Shields
  1050 | D        | Paralysed by a floating eye for 3 turns
  1214 | D        | Noticed a gargoyle
  1227 | D        | Killed a gargoyle
  1228 | D        | Reached skill level 10 in Fighting
  1232 | D        | Reached XP level 9. HP: 85/85 MP: 14/14
  1383 | D        | Reached ****** piety under Qazlal
  1383 | D        | Noticed a red devil
  1384 | D        | Reached skill level 12 in Shields
  1397 | D        | Killed a red devil
  1407 | D        | Noticed Grum
  1410 | D        | Noticed a gargoyle
  1412 | D        | Reached skill level 1 in Stealth
  1415 | D        | Killed Grum
  1426 | D        | Killed a gargoyle
  1427 | D        | Reached skill level 10 in Invocations
  1623 | D        | Noticed a guardian mummy
  1628 | D        | Reached skill level 13 in Shields
  1636 | D        | Killed a guardian mummy
  1877 | D        | Noticed a polar bear
  1883 | D        | Killed a polar bear
  1884 | D        | Reached XP level 10. HP: 96/96 MP: 16/16
  1899 | D        | Noticed a black mamba
  1899 | D        | Noticed a flayed ghost
  1903 | D        | Killed a black mamba
  1904 | D        | Reached skill level 14 in Shields
  1908 | D        | Killed a flayed ghost
  1968 | D        | Noticed a seven-headed hydra
  1969 | D        | Noticed a cyclops
  1986 | D        | Killed a 15-headed hydra
  1995 | D        | Killed a cyclops
  2014 | D        | Reached skill level 15 in Shields
  2245 | D        | Noticed an orc knight
  2245 | D        | Noticed a manticore
  2253 | D        | Killed a manticore
  2264 | D        | Killed an orc knight
  2364 | D        | Noticed a six-headed hydra
  2371 | D        | Reached XP level 11. HP: 104/104 MP: 18/18
  2381 | D        | Killed a 13-headed hydra
  2382 | D        | Reached skill level 16 in Shields
  2478 | D        | Noticed a flayed ghost
  2479 | D        | Noticed a phantasmal warrior
  2479 | D        | Noticed a bog body
  2481 | D        | Killed a flayed ghost
  2482 | D        | Killed a phantasmal warrior
  2486 | D        | Killed a bog body
  2487 | D        | Reached skill level 17 in Shields
  2499 | D        | Reached skill level 15 in Axes
  2764 | D        | Noticed a death yak
  2764 | D        | Noticed a death yak
  2764 | D        | Noticed a death yak
  2764 | D        | Noticed a death yak
  2764 | D        | Noticed a death yak
  2770 | D        | Killed a death yak
  2772 | D        | Killed a death yak
  2777 | D        | Killed a death yak
  2778 | D        | Reached skill level 18 in Shields
  2778 | D        | Killed a death yak
  2786 | D        | Killed a death yak
  2827 | D        | Reached XP level 12. HP: 109/116 MP: 21/21
  2840 | D        | Noticed a death knight
  2865 | D        | Killed a death knight
  3242 | D        | Noticed an alligator snapping turtle
  3242 | D        | Noticed a fire dragon
  3242 | D        | Identified the ring of the Traitor {rN+ SInv Stlth+}
  3242 | D        | Noticed a nagaraja
  3242 | D        | Noticed an alligator snapping turtle
  3255 | D        | Killed a fire dragon
  3256 | D        | Killed a nagaraja
  3257 | D        | Reached skill level 19 in Shields
  3260 | D        | Killed an alligator snapping turtle
  3269 | D        | Killed an alligator snapping turtle
  3488 | D        | Noticed a war gargoyle
  3488 | D        | Noticed an anaconda
  3496 | D        | Killed an anaconda
  3505 | D        | Noticed a ghoul
  3514 | D        | Killed a war gargoyle
  3515 | D        | Reached skill level 15 in Fighting
  3537 | D        | Killed a ghoul
  3541 | D        | Noticed a nagaraja
  3563 | D        | Killed a nagaraja
  3564 | D        | Reached skill level 20 in Shields
  3565 | D        | Noticed a ghoul
  3570 | D        | Reached skill level 15 in Invocations
  3587 | D        | Killed a ghoul
  3620 | D        | Reached XP level 13. HP: 66/128 MP: 23/23
  3627 | D        | Noticed Psyche
  3681 | D        | Killed Psyche
  3772 | D        | Identified the +9 great sword of the Warrior {holy, Fragile
                  | +Blink rF+++}
  4048 | D        | Noticed an ancient lich
  4061 | D        | Killed an ancient lich
  4062 | D        | Reached skill level 21 in Shields
  4362 | D        | Noticed a fire giant
  4370 | D        | Killed a fire giant
  4535 | D        | Noticed a pearl dragon
  4553 | D        | Killed a pearl dragon
  4554 | D        | Reached skill level 22 in Shields
  4637 | D        | Noticed a black draconian
  4647 | D        | Killed a black draconian
  4648 | D        | Reached skill level 15 in Armour
  4786 | D        | Noticed a purple draconian
  4787 | D        | Noticed an orc warlord
  4787 | D        | Noticed an orc warlord
  4793 | D        | Noticed Frances
  4796 | D        | Killed a purple draconian
  4797 | D        | Killed an orc warlord
  4798 | D        | Reached skill level 23 in Shields
  4798 | D        | Reached XP level 14. HP: 70/141 MP: 11/25
  4802 | D        | Killed an orc warlord
  4804 | D        | Killed Frances
  4814 | D        | Reached skill level 5 in Stealth
  4819 | D        | Noticed a Brimstone Fiend
  5428 | D        | Noticed an electric golem
  5457 | D        | Killed an electric golem
  5671 | D        | Noticed Pameh the pandemonium lord
  5689 | D        | Killed Pameh the pandemonium lord
  5690 | D        | Reached skill level 10 in Dodging
  5690 | D        | Reached skill level 24 in Shields
  5971 | D        | Noticed a titan
  5971 | D        | Noticed Lijuof the pandemonium lord
  5973 | D        | Killed a titan
  5973 | D        | Killed Lijuof the pandemonium lord
  5974 | D        | Reached XP level 15. HP: 152/152 MP: 12/28
  6060 | D        | Noticed a royal mummy
  6074 | D        | Killed a royal mummy
  6074 | D        | Lost intelligence.
  6075 | D        | Reached skill level 25 in Shields
  6317 | D        | Noticed a quicksilver dragon
  6330 | D        | Killed a quicksilver dragon
  6522 | D        | Found the +4 staff of Dispater
  6522 | D        | Noticed Dispater
  6526 | D        | Noticed a Hell Sentinel
  6549 | D        | Noticed a Hell Sentinel
  6568 | D        | Killed from afar by a Hell Sentinel

Illustrated notes

Levels and vault maps discovered:
D:        pitsprint [storerooms_1, entrance_room_1, metal_vault_5, armoury_1,
          mini_pit_1, grid_room_1, main_hall_1, silver_pit, the_coven_1,
          the_vestibule_1, steel_vault_5, golden_pit, hallway_of_sentries,
          crystal_vault_3, iron_vault_1, final_vault]

Skill      XL: |  1  2  3  4  5  6  7  8  9 10 11 12 13 14 15 |
---------------+----------------------------------------------+-----
Fighting       | 4 6 7 8 9 10 11 12 13 15 17 19 | 19.7
Armour         | 4 6 7 8 9 10 11 12 13 14 15 17 | 17.4
Shields        | 4 6 8 9 10 11 13 15 18 20 23 24 25 | 25.4
Axes           | 4 5 7 9 11 12 14 16 18 20 21 | 21.6
Invocations    | 3 5 6 7 9 10 11 13 15 17 20 21 | 21.1
Dodging        | 1 3 4 5 6 8 9 10 | 10.7
Stealth        | 1 4 7 |  7.9

Action                   |  1- 3 |  4- 6 |  7- 9 | 10-12 | 13-15 || total
-------------------------+-------+-------+-------+-------+-------++-------
Melee: War axe           |     6 |       |    60 |   292 |   144 ||   502
       Hand axe          |     3 |    75 |    68 |       |       ||   146
       Headbutt          |     1 |    16 |    28 |    71 |    66 ||   182
       Broad axe         |       |       |       |       |    90 ||    90
Throw: Dart              |       |       |       |       |     1 ||     1
Invok: Disaster Area     |       |       |       |     3 |     7 ||    10
       Elemental Force   |       |       |       |       |     2 ||     2
Evoke: Box of beasts     |       |       |       |     1 |       ||     1
  Use: Potion            |       |     2 |     2 |     8 |    10 ||    22
       Scroll            |       |       |       |       |     1 ||     1
 Stab: Distracted        |       |       |       |     1 |       ||     1
       Invisible         |       |       |       |       |     5 ||     5
Armor: Scale mail        |     3 |    19 |       |       |       ||    22
       Chain mail        |       |     9 |    47 |   114 |    22 ||   192
       Shadow dragon sca |       |       |       |       |    26 ||    26
Dodge: Dodged            |     2 |    20 |    24 |    90 |    34 ||   170
       Repelled          |       |       |     2 |     2 |     4 ||     8
Block: Kite shield       |     6 |    53 |    99 |   307 |   111 ||   576
       Tower shield      |       |       |       |       |    92 ||    92

Table legend: (Time is in decaauts)
 A = Elapsed time spent in this place.
 B = Non-inter-level travel time spent in this place.
 C = Inter-level travel time spent in this place.
 D = Time resting spent in this place.
 E = Time spent auto-exploring this place.
 F = Levels seen in this place.
 G = Mean time per level.
                   A        B        C        D        E       F      G
               +--------+--------+--------+--------+--------+-----+--------+
         Total |   6477 |   6477 |      0 |   4009 |    275 |   1 | 6477.0 |
       Dungeon |   6477 |   6477 |      0 |   4009 |    275 |   1 | 6477.0 |
               +--------+--------+--------+--------+--------+-----+--------+

Top non-repeatable levels by time:
       D: 6477 daAuts
